| TOP OF THE 1ST |
|
Magic Valley Magicians batting - Pitching for Billings Mustangs : RHP Marco Castillo
|
|
Pitching: RHP Marco Castillo
|
|
|
Batting: RHB Terry Edwards
|
0-0: Ball 1-0: Ball 2-0: Ball 3-0: Called Strike 3-1: Foul Ball, location: 2F 3-2: Foul Ball, location: 2F 3-2: Base on Balls
|
|
Batting: RHB Matt Cimo
|
0-0: Ball Terry Edwards steals 2nd base 1-0: Ground out 6-3 (Groundball, 6, EV 78.8 MPH) Terry Edwards to third
|
|
Batting: RHB Terry Steinbach
|
0-0: Called Strike 0-1: Ball 1-1: Fly out, F8 (Flyball, 8RD, EV 103.8 MPH) Runner from 3rd tags up, SCORES, no throw by CF
|
|
Batting: RHB Marlin McPhail
|
0-0: Called Strike 0-1: Foul Ball, location: 2F 0-2: Ball 1-2: Ball 2-2: Ground out U3 (Groundball, 3, EV 102.5 MPH)
|
| Top of the 1st over - 1 run, 0 hits, 0 errors, 0 left on base; Magic Valley 1 - Billings 0 |
| BOTTOM OF THE 1ST |
|
Billings Mustangs batting - Pitching for Magic Valley Magicians : RHP Bill Boddy
|
|
Pitching: RHP Bill Boddy
|
|
|
Batting: SHB Terrence Derby
|
0-0: Foul Ball, location: 2F 0-1: Ball 1-1: Swinging Strike 1-2: Ball 2-2: Ball 3-2: Hit by Pitch
|
|
Batting: RHB Joseph Kramer
|
0-0: Called Strike 0-1: Ball 1-1: Ball 2-1: Grounds into double play, 4-6-3 (Groundball, 34, EV 91.3 MPH)
|
|
Batting: LHB Dave Verkuilen
|
0-0: Called Strike 0-1: Ball 1-1: Ball 2-1: Ball 3-1: Base on Balls
|
|
Batting: RHB Timothy Smith
|
0-0: Foul Ball, location: 2F 0-1: Called Strike 0-2: SINGLE (Groundball, 6MD, EV 98.1 MPH) Dave Verkuilen to second Runner from 2nd tries for 3rd, OUT! 8-5
|
| Bottom of the 1st over - 0 runs, 1 hit, 0 errors, 1 left on base; Magic Valley 1 - Billings 0 |
| TOP OF THE 2ND |
|
Magic Valley Magicians batting - Pitching for Billings Mustangs : RHP Marco Castillo
|
|
Batting: RHB James Dennett
|
0-0: Called Strike 0-1: Ball 1-1: Swinging Strike 1-2: Hit by Pitch
|
|
Batting: RHB Kevin Ward
|
0-0: Called Strike 0-1: Foul Ball, location: 2F 0-2: Ball 1-2: Ball 2-2: Ball 3-2: Foul Ball, location: 2F 3-2: Base on Balls James Dennett to second
|
|
Batting: RHB Larry Beardman
|
0-0: Foul Ball, location: 2F 0-1: Ball 1-1: Ball 2-1: Grounds into double play, 6-4-3 (Groundball, 6, EV 98.1 MPH) James Dennett to third
|
|
Batting: RHB Bruce Seid
|
0-0: Foul Ball, location: 2F 0-1: Called Strike 0-2: Fly out, F9 (Flyball, 9LM, EV 85.6 MPH)
|
| Top of the 2nd over - 0 runs, 0 hits, 0 errors, 1 left on base; Magic Valley 1 - Billings 0 |
| BOTTOM OF THE 2ND |
|
Billings Mustangs batting - Pitching for Magic Valley Magicians : RHP Bill Boddy
|
|
Batting: RHB Randy Day
|
0-0: Called Strike 0-1: Foul Ball, location: 2F 0-2: Ball 1-2: Strikes out looking
|
|
Batting: RHB Glenn Edwards
|
0-0: Ball 1-0: Swinging Strike 1-1: Ball 2-1: SINGLE (Line Drive, 6MD, EV 110.6 MPH)
|
|
Batting: RHB Thomas Bocock
|
0-0: Called Strike 0-1: Called Strike 0-2: Ball 1-2: Fielders Choice at 2nd, 3-6 (Groundball, 3, EV 82.5 MPH)
|
|
Batting: RHB Leonidas Nolasco
|
0-0: Ball 1-0: Ball 2-0: Fielders Choice at 2nd, 6-4 (Groundball, 6, EV 101.9 MPH)
|
| Bottom of the 2nd over - 0 runs, 1 hit, 0 errors, 1 left on base; Magic Valley 1 - Billings 0 |
| TOP OF THE 3RD |
|
Magic Valley Magicians batting - Pitching for Billings Mustangs : RHP Marco Castillo
|
|
Batting: RHB Andres Amoros
|
0-0: Ball 1-0: Ball 2-0: Called Strike 2-1: Ball 3-1: Foul Ball, location: 2F 3-2: Strikes out looking
|
|
Batting: RHB Terry Edwards
|
0-0: Called Strike 0-1: Foul Ball, location: 2F 0-2: Ball 1-2: Ball 2-2: Strikes out swinging
|
|
Batting: RHB Matt Cimo
|
0-0: Called Strike 0-1: Ball 1-1: Foul Ball, location: 2F 1-2: Foul Ball, location: 2F 1-2: SINGLE (Groundball, 56D, EV 103.8 MPH)
|
|
Batting: RHB Terry Steinbach
|
0-0: Ball 1-0: Foul Ball, location: 2F 1-1: SINGLE (Groundball, 4MS, EV 70.0 MPH) (infield hit) Matt Cimo to second
|
|
Batting: RHB Marlin McPhail
|
0-0: Foul Ball, location: 2F 0-1: Foul Ball, location: 2F 0-2: Ball 1-2: Foul Ball, location: 2F 1-2: Fly out, F8 (Line Drive, 8LD, EV 92.5 MPH)
|
| Top of the 3rd over - 0 runs, 2 hits, 0 errors, 2 left on base; Magic Valley 1 - Billings 0 |
| BOTTOM OF THE 3RD |
|
Billings Mustangs batting - Pitching for Magic Valley Magicians : RHP Bill Boddy
|
|
Batting: RHB Brian Milner
|
0-0: Swinging Strike 0-1: Ball 1-1: SINGLE (Groundball, 4MD, EV 101.9 MPH)
|
|
Batting: SHB Terrence Derby
|
0-0: Ball 1-0: Ball 2-0: Foul Ball, location: 2F 2-1: Ball 3-1: Base on Balls Brian Milner to second
|
|
Batting: RHB Joseph Kramer
|
0-0: Called Strike 0-1: Foul Ball, location: 2F 0-2: SINGLE (Line Drive, 6MD, EV 95.0 MPH) Brian Milner to third Terrence Derby to second Runner from 3rd tries for Home, SAFE, throw by CF to home
|
|
Batting: LHB Dave Verkuilen
|
0-0: SINGLE (Line Drive, 4D, EV 106.3 MPH) Terrence Derby to third Joseph Kramer to second
|
|
Batting: RHB Timothy Smith
|
0-0: Swinging Strike 0-1: SINGLE (Line Drive, 78S, EV 96.9 MPH) Terrence Derby scores Joseph Kramer to third Dave Verkuilen to second Runner from 3rd tries for Home, SAFE, throw by CF to home
|
|
Batting: RHB Randy Day
|
0-0: Ball 1-0: Called Strike 1-1: Fielders Choice at 2nd, 6-4 (Groundball, 6, EV 83.1 MPH) Dave Verkuilen to third
|
|
Batting: RHB Glenn Edwards
|
0-0: Ball 1-0: Ball 2-0: Ball 3-0: Base on Balls Randy Day to second
|
|
Batting: RHB Thomas Bocock
|
0-0: Ball 1-0: SINGLE (Line Drive, 34, EV 94.4 MPH) Dave Verkuilen scores Randy Day to third Glenn Edwards to second
|
|
Batting: RHB Leonidas Nolasco
|
0-0: SINGLE (Groundball, 34D, EV 96.9 MPH) Randy Day scores Glenn Edwards to third Thomas Bocock to second
|
|
Batting: RHB Brian Milner
|
0-0: Ball 1-0: Swinging Strike 1-1: Called Strike 1-2: Foul Ball, location: 2F 1-2: Ball 2-2: Ball 3-2: SINGLE (Line Drive, 4D, EV 94.4 MPH) Glenn Edwards scores Thomas Bocock to third Leonidas Nolasco to second Runner from 3rd tries for Home, SAFE, throw by CF to home Leonidas Nolasco to third Brian Milner to second
|
|
Pitching: RHP Bernardo Howard
|
|
|
Batting: SHB Terrence Derby
|
0-0: Foul Ball, location: 2F 0-1: Ball 1-1: Ball 2-1: SINGLE (Groundball, 4MD, EV 101.3 MPH) Leonidas Nolasco scores Brian Milner to third
|
|
Batting: RHB Joseph Kramer
|
0-0: Ball 1-0: Ball 2-0: Ball 3-0: Base on Balls Terrence Derby to second
|
|
Batting: LHB Dave Verkuilen
|
0-0: Ball 1-0: Foul Ball, location: 2F 1-1: Ball Wild Pitch! Brian Milner scores Terrence Derby to third Joseph Kramer to second 2-1: SINGLE (Line Drive, 56D, EV 96.3 MPH) Terrence Derby scores Joseph Kramer to third Runner from 3rd tries for Home, SAFE, throw by LF to home
|
|
Batting: RHB Timothy Smith
|
0-0: Fly out, F7 (Flyball, 7LS, EV 91.3 MPH)
|
|
Batting: RHB Randy Day
|
0-0: Foul Ball, location: 2F 0-1: Ball Wild Pitch! Dave Verkuilen to second 1-1: Fly out, F5 (Popup, 5F, EV 59.4 MPH)
|
| Bottom of the 3rd over - 11 runs, 9 hits, 0 errors, 1 left on base; Magic Valley 1 - Billings 11 |
| TOP OF THE 4TH |
|
Magic Valley Magicians batting - Pitching for Billings Mustangs : RHP Marco Castillo
|
|
Batting: RHB James Dennett
|
0-0: Ball 1-0: Called Strike 1-1: Ball 2-1: Foul Ball, location: 2F 2-2: Ball 3-2: Strikes out swinging
|
|
Batting: RHB Kevin Ward
|
0-0: Ball 1-0: Foul Ball, location: 2F 1-1: Swinging Strike 1-2: SINGLE (Groundball, 56D, EV 96.9 MPH)
|
|
Batting: RHB Larry Beardman
|
0-0: Ball 1-0: Called Strike 1-1: Fielders Choice at 2nd, 4-6 (Groundball, 4, EV 86.9 MPH)
|
|
Batting: RHB Bruce Seid
|
0-0: Ball 1-0: Ball 2-0: Ground out 1-3 (Groundball, P, EV 75.6 MPH)
|
| Top of the 4th over - 0 runs, 1 hit, 0 errors, 1 left on base; Magic Valley 1 - Billings 11 |
| BOTTOM OF THE 4TH |
|
Billings Mustangs batting - Pitching for Magic Valley Magicians : RHP Bernardo Howard
|
|
Batting: RHB Glenn Edwards
|
0-0: Ball 1-0: Called Strike 1-1: Ball 2-1: DOUBLE (Flyball, 8RXD, EV 94.4 MPH)
|
|
Batting: RHB Thomas Bocock
|
0-0: Foul Ball, location: 2F 0-1: Ball 1-1: Ball 2-1: Foul Ball, location: 2F 2-2: Ball 3-2: Base on Balls
|
|
Batting: RHB Leonidas Nolasco
|
0-0: Called Strike 0-1: Foul Ball, location: 2F 0-2: Fly out, F8 (Flyball, 78XD, EV 91.3 MPH) Runner from 2nd tags up, SAFE at 3rd, no throw by CF
|
|
Batting: RHB Brian Milner
|
0-0: Ball 1-0: Ball 2-0: Foul Ball, location: 2F 2-1: Ball 3-1: Fielders Choice at 2nd, 5-4 (Groundball, 5S, EV 91.9 MPH) Glenn Edwards scores
|
|
Batting: SHB Terrence Derby
|
0-0: Ball 1-0: Swinging Strike 1-1: Foul Ball, location: 2F 1-2: Ground out 2-3 (Groundball, 2L, EV 68.1 MPH)
|
| Bottom of the 4th over - 1 run, 1 hit, 0 errors, 1 left on base; Magic Valley 1 - Billings 12 |
| TOP OF THE 5TH |
|
Magic Valley Magicians batting - Pitching for Billings Mustangs : RHP Marco Castillo
|
|
Batting: RHB Andres Amoros
|
0-0: Foul Ball, location: 2F 0-1: Ground out 6-3 (Groundball, 6, EV 97.5 MPH)
|
|
Batting: RHB Terry Edwards
|
0-0: Called Strike 0-1: Foul Ball, location: 2F 0-2: Foul Ball, location: 2F 0-2: Ball 1-2: Foul Ball, location: 2F 1-2: Foul Ball, location: 2F 1-2: Fly out, F7 (Flyball, 78D, EV 90.6 MPH)
|
|
Batting: RHB Matt Cimo
|
0-0: Ground out 6-3 (Groundball, 6, EV 99.4 MPH)
|
| Top of the 5th over - 0 runs, 0 hits, 0 errors, 0 left on base; Magic Valley 1 - Billings 12 |
| BOTTOM OF THE 5TH |
|
Billings Mustangs batting - Pitching for Magic Valley Magicians : RHP Bernardo Howard
|
|
Batting: RHB Joseph Kramer
|
0-0: Swinging Strike 0-1: Fly out, F8 (Flyball, 8RD, EV 100.6 MPH)
|
|
Batting: LHB Dave Verkuilen
|
0-0: Ball 1-0: Foul Ball, location: 2F 1-1: Ball 2-1: Ball 3-1: Foul Ball, location: 2F 3-2: Base on Balls
|
|
Pitching: LHP Thomas Robinson
|
|
|
Batting: RHB Timothy Smith
|
0-0: Ball 1-0: Ball 2-0: Swinging Strike 2-1: Ball 3-1: Swinging Strike 3-2: Ground out 5-3 (Groundball, 56S, EV 63.1 MPH) Dave Verkuilen to second
|
|
Batting: RHB Randy Day
|
0-0: Fly out, F9 (Flyball, 9, EV 91.3 MPH)
|
| Bottom of the 5th over - 0 runs, 0 hits, 0 errors, 1 left on base; Magic Valley 1 - Billings 12 |
| TOP OF THE 6TH |
|
Magic Valley Magicians batting - Pitching for Billings Mustangs : RHP Marco Castillo
|
|
Batting: RHB Terry Steinbach
|
0-0: Swinging Strike 0-1: Ball 1-1: Ball 2-1: Swinging Strike 2-2: Ball 3-2: Strikes out looking
|
|
Batting: RHB Marlin McPhail
|
0-0: Ball 1-0: Ball 2-0: Foul Ball, location: 2F 2-1: Fly out, F7 (Flyball, 7LS, EV 93.8 MPH)
|
|
Batting: RHB James Dennett
|
0-0: Called Strike 0-1: Swinging Strike 0-2: Strikes out swinging
|
| Top of the 6th over - 0 runs, 0 hits, 0 errors, 0 left on base; Magic Valley 1 - Billings 12 |
| BOTTOM OF THE 6TH |
|
Billings Mustangs batting - Pitching for Magic Valley Magicians : LHP Thomas Robinson
|
|
Batting: RHB Glenn Edwards
|
0-0: Ball 1-0: Ball 2-0: Ball 3-0: Base on Balls
|
|
Batting: RHB Thomas Bocock
|
0-0: Ball 1-0: Ball 2-0: Fielders Choice at 2nd, 3-6 (Groundball, 34, EV 81.3 MPH)
|
|
Batting: RHB Leonidas Nolasco
|
0-0: Swinging Strike Thomas Bocock steals 2nd base 0-1: Fly out, F9 (Flyball, 9LM, EV 90.0 MPH) Runner from 2nd tags up, SAFE at 3rd, no throw by RF
|
|
Batting: RHB Brian Milner
|
0-0: Ball 1-0: Ground out 6-3 (Groundball, 56, EV 88.8 MPH)
|
| Bottom of the 6th over - 0 runs, 0 hits, 0 errors, 1 left on base; Magic Valley 1 - Billings 12 |
| TOP OF THE 7TH |
|
Magic Valley Magicians batting - Pitching for Billings Mustangs : RHP Marco Castillo
|
|
Batting: RHB Kevin Ward
|
0-0: Swinging Strike 0-1: Ball 1-1: Ball 2-1: Ball 3-1: Base on Balls
|
|
Pinch Hitting: RHB Terrence Nocera
|
0-0: Ball 1-0: Foul Ball, location: 2F 1-1: Foul Ball, location: 2F 1-2: SINGLE (Line Drive, 34D, EV 103.8 MPH) Kevin Ward to second
|
|
Batting: RHB Bruce Seid
|
0-0: Ball 1-0: Ball 2-0: Grounds into double play, 5-4-3 (Groundball, 56, EV 80.6 MPH) Kevin Ward to third
|
|
Batting: RHB Andres Amoros
|
0-0: Ball 1-0: Called Strike 1-1: SINGLE (Groundball, 34D, EV 99.4 MPH) Kevin Ward scores
|
|
Batting: RHB Terry Edwards
|
0-0: Ball 1-0: Ball 2-0: Called Strike 2-1: Foul Ball, location: 2F 2-2: Foul Ball, location: 2F 2-2: Foul Ball, location: 2F 2-2: Foul Ball, location: 2F 2-2: Fielders Choice at 2nd, 6-4 (Groundball, 6, EV 101.9 MPH)
|
| Top of the 7th over - 1 run, 2 hits, 0 errors, 1 left on base; Magic Valley 2 - Billings 12 |
| BOTTOM OF THE 7TH |
|
Billings Mustangs batting - Pitching for Magic Valley Magicians : LHP Thomas Robinson
|
|
Now in RF: Jason Felice
|
|
|
Pinch Hitting: RHB Larry Simcox
|
0-0: Hit by Pitch
|
|
Batting: RHB Frank Meraz
|
0-0: Ball 1-0: Called Strike 1-1: SINGLE (Line Drive, 9, EV 100.0 MPH) Larry Simcox to second
|
|
Pinch Hitting: RHB Tim Kubacki
|
0-0: Fly out, F9 (Flyball, 9, EV 83.8 MPH)
|
|
Pinch Hitting: SHB Joe Arfstrom
|
0-0: Ball 1-0: SINGLE (Line Drive, 56D, EV 99.4 MPH) Larry Simcox to third Frank Meraz to second Runner from 3rd tries for Home, SAFE, throw by LF to home
|
|
Pinch Hitting: RHB Dave Rosenhahn
|
0-0: DOUBLE (Groundball, 5L, EV 107.5 MPH) Frank Meraz scores Joe Arfstrom to third Runner from 3rd tries for Home, SAFE, throw by LF to home
|
|
Pinch Hitting: RHB Kenneth Briggs
|
0-0: Called Strike 0-1: Ball 1-1: Called Strike 1-2: Strikes out swinging
|
|
Pinch Hitting: RHB Bob Berry
|
0-0: Fly out, F6 (Flyball, 56D, EV 91.9 MPH)
|
| Bottom of the 7th over - 3 runs, 3 hits, 0 errors, 1 left on base; Magic Valley 2 - Billings 15 |
| TOP OF THE 8TH |
|
Magic Valley Magicians batting - Pitching for Billings Mustangs : RHP Marco Castillo
|
|
Now at 1B: Bob Berry
|
|
|
Now at 3B: Dave Rosenhahn
|
|
|
Now at SS: Tim Kubacki
|
|
|
Now in LF: Joe Arfstrom
|
|
|
Now in CF: Russell Pedersen
|
|
|
Now in RF: Kenneth Briggs
|
|
|
Batting: RHB Matt Cimo
|
0-0: Single, Error in OF, E9, batter to second base (Line Drive, 9LS, EV 96.3 MPH)
|
|
Pinch Hitting: RHB Bradley DeKraai
|
0-0: Foul Ball, location: 2F 0-1: Ball 1-1: SINGLE (Line Drive, 9S, EV 100.6 MPH) Matt Cimo to third Runner from 3rd tries for Home, SAFE, throw by RF to home
|
|
Batting: RHB Marlin McPhail
|
0-0: Ball 1-0: Ball 2-0: Swinging Strike 2-1: Ball 3-1: Base on Balls Bradley DeKraai to second
|
|
Batting: RHB James Dennett
|
0-0: Ball 1-0: Swinging Strike 1-1: Ball 2-1: Foul Ball, location: 2F 2-2: Ground out 3-1 (Groundball, 13, EV 93.8 MPH) Bradley DeKraai to third Marlin McPhail to second
|
|
Batting: RHB Kevin Ward
|
0-0: Swinging Strike 0-1: Ball 1-1: Foul Ball, location: 2F 1-2: Ground out 6-3 (Groundball, 6, EV 105.0 MPH) Bradley DeKraai scores
|
|
Batting: RHB Jason Felice
|
0-0: Called Strike 0-1: Ball 1-1: Ball 2-1: Ground out U3 (Groundball, 34, EV 76.9 MPH)
|
| Top of the 8th over - 2 runs, 2 hits, 1 error, 1 left on base; Magic Valley 4 - Billings 15 |
| BOTTOM OF THE 8TH |
|
Billings Mustangs batting - Pitching for Magic Valley Magicians : LHP Thomas Robinson
|
|
Now at 3B: Bradley DeKraai
|
|
|
Pinch Hitting: RHB Vaughn Hempfield
|
0-0: Ball 1-0: Swinging Strike 1-1: Foul Ball, location: 2F 1-2: Strikes out swinging
|
|
Batting: RHB Brian Milner
|
0-0: Swinging Strike 0-1: Ball 1-1: Ball 2-1: Ball 3-1: SINGLE (Flyball, 89S, EV 85.6 MPH)
|
|
Batting: RHB Russell Pedersen
|
0-0: Ball 1-0: Grounds into double play, 6-4-3 (Groundball, 56D, EV 89.4 MPH)
|
| Bottom of the 8th over - 0 runs, 1 hit, 0 errors, 0 left on base; Magic Valley 4 - Billings 15 |
| TOP OF THE 9TH |
|
Magic Valley Magicians batting - Pitching for Billings Mustangs : RHP Marco Castillo
|
|
Pitching: RHP Jim Hickey
|
|
|
Now at 2B: Vaughn Hempfield
|
|
|
Batting: RHB Bruce Seid
|
0-0: DOUBLE (Line Drive, 9LM, EV 101.3 MPH)
|
|
Batting: RHB Andres Amoros
|
0-0: Ground out 6-3 (Groundball, 6, EV 84.4 MPH) Bruce Seid to third
|
|
Batting: RHB Terry Edwards
|
0-0: Ball 1-0: Swinging Strike 1-1: Ball 2-1: Foul Ball, location: 2F 2-2: Foul Ball, location: 2F 2-2: Strikes out looking
|
|
Batting: RHB Matt Cimo
|
0-0: Ball 1-0: Ball 2-0: Called Strike 2-1: Foul Ball, location: 2F 2-2: Fly out, F9 (Flyball, 9LM, EV 82.5 MPH)
|
| Top of the 9th over - 0 runs, 1 hit, 0 errors, 1 left on base; Magic Valley 4 - Billings 15 |
|